AoeStats
← švist

Black Forest

506356832Analyzed
4v4 RM · 18d ago on Sep 13, 2026· 40m 59s· 8 players
Game mode
Random Map
Map size
Large (8 player)
Population
200
Speed
Normal
Resources
Standard
Victory
Conquest
Starting age
Dark Age
Ending age
Imperial Age
RankedLock teamsTeams togetherTeam positionsShared explorationLock speedFull tech treeHidden civsTurbo modeCheats
Victory
Defeat
🇨🇳 Saracens · China
1157
+13
🇯🇵 Burgundians · Japan
1123
+15
🇸🇮 Turks · Slovenia
1120
+15
🇮🇳 Japanese · India
1119
+15
🇫🇷 Portuguese · France
1130
-16
🇳🇱 Italians · Netherlands
1097
-15
🇩🇪 Spanish · Germany
1094
-14
🇩🇪 Bohemians · Germany
1067
-13
digitalpbk
12:00 Feudal Age
13:08 Fishing Lines
16:56 Castle Age
17:25 Double-Bit Axe
18:18 Bow Saw
19:22 Horse Collar
19:33 Fishing Lines
20:48 Gillnets
20:55 Loom
21:48 Wheelbarrow
23:13 Heavy Plow
26:15 Stone Mining
26:07 Treadmill Crane
27:13 Gold Mining
28:21 Fletching
29:21 Arson
29:37 Scale Mail Armor
29:48 Forging
29:34 Bodkin Arrow
30:20 Fortified Wall
31:47 Masonry
34:23 Imperial Age
32:31 Padded Archer Armor
32:38 Yasama
33:07 Thumb Ring
33:04 Guard Tower
33:34 Ballistics
34:55 Leather Archer Armor
34:45 Squires
35:49 Keep
35:45 Conscription
35:45 Bracer
35:34 Arrowslits
36:37 Kataparuto
38:00 Two-Man Saw
39:25 Iron Casting
39:34 Ring Archer Armor
39:56 Siege Engineers
40:23 Chain Mail Armor
41:09 Blast Furnace
41:05 Parthian Tactics
168kcal
1:46 Loom
12:26 Feudal Age
16:18 Castle Age
14:25 Horse Collar
14:37 Gold Mining
14:38 Stone Mining
15:33 Double-Bit Axe
15:50 Heavy Plow
16:33 Wheelbarrow
17:18 Bow Saw
22:57 Fishing Lines
28:28 Two-Man Saw
27:59 Crop Rotation
28:07 Fortified Wall
32:35 Imperial Age
30:40 Hand Cart
30:12 Town Watch
31:29 Padded Archer Armor
31:19 Fletching
32:47 Leather Archer Armor
33:15 Town Patrol
34:20 Chemistry
33:41 Ballistics
33:32 Masonry
33:51 Conscription
33:38 Burgundian Vineyards
33:59 Conscription
34:24 Forging
34:15 Scale Mail Armor
33:38 Pikeman
34:19 Squires
34:04 Arson
34:49 Halberdier
37:46 Chain Mail Armor
38:07 Iron Casting
švist
13:58 Feudal Age
18:22 Castle Age
16:41 Double-Bit Axe
17:56 Horse Collar
23:37 Imperial Age
22:58 Padded Archer Armor
23:25 Bow Saw
27:13 Leather Archer Armor
34:34 Ring Archer Armor
36:13 Bloodlines
37:32 Wheelbarrow
37:08 Husbandry
37:15 Scale Barding Armor
38:02 Gold Mining
Kyrieluo
1:58 Loom
13:20 Feudal Age
14:03 Double-Bit Axe
18:41 Wheelbarrow
18:59 Fletching
25:04 Castle Age
23:43 Horse Collar
26:49 Bow Saw
26:47 Bodkin Arrow
28:23 Crossbowman
31:19 Padded Archer Armor
32:02 Fishing Lines
32:56 Leather Archer Armor
34:12 Thumb Ring
34:47 Hand Cart
35:49 Town Watch
36:08 Heavy Plow
36:06 Gold Mining
37:59 Gold Shaft Mining
37:46 Ballistics
39:28 Stone Mining
Alex
0:57 Loom
15:34 Feudal Age
16:49 Double-Bit Axe
22:47 Castle Age
21:07 Horse Collar
21:42 Fishing Lines
24:33 Gillnets
25:04 Bow Saw
29:45 Imperial Age
28:21 Gold Mining
32:50 Chemistry
32:23 Fletching
32:52 Stone Mining
33:48 Bombard Tower
34:05 Wheelbarrow
34:46 Bodkin Arrow
35:41 Stone Shaft Mining
36:49 Circumnavigation
38:04 Siege Engineers
38:27 Arquebus
DeusMaximus263
0:48 Loom
0:58 Loom
12:57 Feudal Age
19:12 Castle Age
17:11 Double-Bit Axe
26:38 Fishing Lines
36:27 Bow Saw
M
1:35 Loom
13:57 Feudal Age
14:25 Double-Bit Axe
14:27 Horse Collar
17:26 Wheelbarrow
20:42 Castle Age
18:41 Gold Mining
19:10 Stone Mining
22:09 Husbandry
22:20 Bloodlines
22:44 Hand Cart
22:55 Heavy Plow
22:59 Fishing Lines
24:01 Bow Saw
26:55 Gillnets
32:08 Imperial Age
30:00 Forging
32:50 Fletching
33:01 Padded Archer Armor
32:50 Elite Skirmisher
34:29 Bodkin Arrow
34:50 Leather Archer Armor
35:11 Iron Casting
34:43 Scale Barding Armor
34:00 Light Cavalry
34:14 Cavalier
HardstyleHunter
7:06 Loom
13:57 Feudal Age
18:12 Castle Age
16:00 Double-Bit Axe
15:55 Horse Collar
19:36 Bow Saw
19:47 Heavy Plow
22:47 Wheelbarrow
30:38 Imperial Age
28:25 Hand Cart
29:40 Gold Mining
29:41 Stone Mining
30:13 Thumb Ring
31:11 Padded Archer Armor
31:02 Fletching
32:27 Chemistry
31:49 Ballistics
32:46 Stone Shaft Mining
32:56 Bodkin Arrow
33:17 Leather Archer Armor
33:29 Scale Mail Armor
33:39 Forging
34:13 Conscription
33:15 Elite Genoese Crossbowman
34:12 Pirotechnia
34:31 Squires
35:04 Bracer
36:22 Chain Mail Armor
36:43 Iron Casting
41:49 Ring Archer Armor
41:49 Plate Mail Armor
Connection lost

Rejoining the realm…

Still unreachable

The connection could not be restored.

Session expired

The server has moved on; the page needs a fresh start.